 Dungeon Crawl Stone Soup version 0.27-a0-1105-g946c659c87 (webtiles) character file.

Game seed: 9726067217447735404

10089 DogServant the Thaumaturge (level 11, 74/74 HPs)
             Began as a Gnoll Venom Mage on Apr 30, 2021.
             Was a Believer of Ru.
             Quit the game on level 11 of the Dungeon.
             The game lasted 00:29:47 (13714 turns).

DogServant the Thaumaturge (Gnoll Venom Mage)      Turns: 13714, Time: 00:29:47

Health: 74/74      AC:  6    Str: 10    XL:     11   Next: 56%
Magic:  17/23      EV: 17    Int: 22    God:    Ru [**....]
Gold:   570        SH:  8    Dex: 20    Spells: 6/26 levels left

rFire    . . .     SeeInvis .   A - +0 scimitar (flame)
rCold    . . .     Faith    .   i - +2 buckler
rNeg     + . .     Spirit   .   N - +1 robe of Gluttony {*Slow rN+ Regen+ Dex+8}
rPois    .         Reflect  .   (no helmet)
rElec    .         Harm     .   (no cloak)
rCorr    .         Rampage  .   v - +0 pair of gloves
Will     .....                  j - +0 pair of boots
Stlth    ++++......             G - amulet of regeneration
HPRegen  2.22/turn              n - +6 ring of intelligence
MPRegen  0.18/turn              (no ring)

@: no status effects
A: fangs 1, frail 1, strong nose, distributed training
a: Renounce Religion


You were on level 11 of the Dungeon.
You worshipped Ru.
Ru was pleased with you.
You visited 1 branch of the dungeon, and saw 11 of its levels.

You collected 570 gold pieces.

Inventory:

Hand Weapons
 c - a +0 long sword of venom
 A - a +0 scimitar of flaming (weapon)
 B - the +8 quarterstaff "Tattletale" {vamp, rC+ Int+3}
   (You took it off an orc on level 9 of the Dungeon)

   It inflicts no extra harm, but heals its wielder when it wounds a living foe.
   It affects your intelligence (+3).
   It protects you from cold.
Missiles
 L - a curare-tipped dart
Armour
 a - a +0 robe
 i - a +2 buckler (worn)
 j - a +0 pair of boots (worn)
 p - a +0 leather armour
 v - a +0 pair of gloves (worn)
 N - the +1 robe of Gluttony (worn) {*Slow rN+ Regen+ Dex+8}
   (You took it off an orc on level 4 of the Dungeon)

   It affects your dexterity (+8).
   It protects you from negative energy.
   It increases your rate of health regeneration.
   It may slow you when you take damage.
Magical Staves
 f - a staff of death
 m - a staff of earth
 r - a staff of fire
Jewellery
 g - an amulet of faith
 n - a +6 ring of intelligence (left hand)
 G - an amulet of regeneration (around neck)
Wands
 e - a wand of acid (13)
 h - a wand of iceblast (8)
 o - a wand of flame (22)
 w - a wand of polymorph (4)
 D - a wand of paralysis (18)
 J - a wand of digging (4)
Scrolls
 b - 5 scrolls of identify
 q - a scroll of immolation
 t - 2 scrolls of holy word
 x - 5 scrolls of blinking
 y - a scroll of summoning {unknown}
 z - a scroll of brand weapon
 C - 2 scrolls of enchant armour {unknown}
 H - a scroll of amnesia
 I - 2 scrolls of teleportation
 K - a scroll of magic mapping {unknown}
 M - a scroll of fear
Potions
 d - 4 potions of lignification
 k - a potion of might
 l - 3 potions of curing
 s - 2 potions of flight {unknown}
 u - 3 potions of heal wounds {unknown}
 E - a potion of ambrosia {unknown}
 F - a potion of berserk rage {unknown}


   Skills:
 + Level 6.4 Fighting
 + Level 6.4 Short Blades
 + Level 6.4 Long Blades
 + Level 6.4 Axes
 + Level 6.4 Maces & Flails
 + Level 6.4 Polearms
 + Level 6.4 Staves
 + Level 6.4 Slings
 + Level 6.4 Bows
 + Level 6.4 Crossbows
 + Level 6.4 Throwing
 + Level 6.4 Armour
 + Level 8.0 Dodging
 + Level 7.7 Stealth
 + Level 6.4 Shields
 + Level 6.4 Unarmed Combat
 + Level 8.2 Spellcasting
 + Level 5.3 Conjurations
 + Level 5.3 Hexes
 + Level 5.3 Summonings
 + Level 5.3 Necromancy
 + Level 5.3 Translocations
 + Level 5.8 Transmutations
 + Level 5.3 Fire Magic
 + Level 5.3 Ice Magic
 + Level 5.3 Air Magic
 + Level 5.3 Earth Magic
 + Level 7.7 Poison Magic
 + Level 7.0 Invocations
 + Level 6.4 Evocations


You had 6 spell levels left.
You knew the following spells:

 Your Spells              Type           Power      Damage    Failure   Level
a - Sting                 Tmut/Pois      100%       1d8       1%          1
b - Poisonous Vapours     Pois/Air       74%        N/A       1%          2
c - Ignite Poison         Fire/Tmut/Pois 36%        N/A       1%          3
d - Mephitic Cloud        Conj/Pois/Air  36%        N/A       1%          3
e - Olgreb's Toxic Radia  Pois           43%        N/A       3%          4
f - Dazzling Flash        Conj/Hex       64%        N/A       2%          3
g - Iskenderun's Mystic   Conj/Tloc      32%        2d8       9%          4

Your spell library contained the following spells:

 Spells                   Type           Power      Damage    Failure   Level
 Corona                   Hex            35%        N/A       1%          1
 Magic Dart               Conj           100%       1d8       1%          1
 Blink                    Tloc           N/A        N/A       1%          2
 Call Imp                 Summ           32%        N/A       1%          2
 Ensorcelled Hibernation  Hex/Ice        64%        N/A       1%          2
 Searing Ray              Conj           64%        3d5       1%          2
 Slow                     Hex            32%        N/A       1%          2
 Confusing Touch          Hex            32%        N/A       2%          3
 Conjure Flame            Conj/Fire      32%        6-21      2%          3
 Gell's Gravitas          Tloc           16%        N/A       2%          3
 Tukima's Dance           Hex            32%        N/A       2%          3
 Petrify                  Tmut/Erth      33%        N/A       8%          4
 Fulminant Prism          Conj/Hex       16%        3d11      9%          4
 Yara's Violent Unravell  Hex/Tmut       16%        3d8       21%         5
 Metabolic Englaciation   Hex/Ice        16%        N/A       22%         5
 Freezing Cloud           Conj/Ice/Air   16%        6-21      77%         6


Dungeon Overview and Level Annotations

Branches:
Dungeon (11/15)            Temple (0/1) D:6             Orc (0/2) D:9
   Lair: D:8-11

Altars:
Elyvilon
Fedhas
Okawaru
Ru
Sif Muna
Yredelemnul

Shops:
D:1 ?   D:4 *

Annotations:
D:9 2 transporters, waddelsworth's ghost, journeyman GnCj
D:10 1 runed translucent door, anet's ghost, journeyman GnWz


Innate Abilities, Weirdness & Mutations

You have very sharp teeth.
You are frail. (-10% HP)
Your uncanny sense of smell can sniff out nearby items.
Your experience applies equally to all skills.


Message History

Casting: Ignite Poison (safe; 1% risk of failure)
Confirm with . or Enter, or press ? or * to list all spells.
You begin to radiate toxic energy.
The yak is poisoned.
The yak bellows!
The yak is poisoned. x4; The yak looks even sicker. x4
Unknown command.
The yak looks even sicker. x2
Casting: Olgreb's Toxic Radiance (dangerous; 3% risk of failure)
Confirm with . or Enter, or press ? or * to list all spells.
You ignite the poison in your surroundings!
The yak seems to burn from within!!!
You kill the yak!
The yak seems to burn from within!
The yak is heavily wounded.
The yak seems to burn from within!!!
You kill the yak!
The yak seems to burn from within!!
You kill the yak!
The yak seems to burn from within!!!
You kill the yak!
The yak is poisoned.
Your toxic aura wanes.
Your Dodging skill increases to level 8!
Your Invocations skill increases to level 7!
Unknown command.
You hit the yak but do no damage.
The yak is severely wounded.
The yak barely misses you.
You barely miss the yak.
The yak is severely wounded.
The yak gores you.
You hit the yak. You burn the yak.
The yak is almost dead.
The yak closely misses you.
You hit the yak. You burn the yak.
You kill the yak!
No target in view!
Are you sure you want to abandon this character and quit the game? (Confirm with "yes".)
Okay, then.
Are you sure you want to abandon this character and quit the game? (Confirm with "yes".)

..........#.
............
.............
...†....... .#
#..†..)....#.# #.....
.....# ##...# ##.#..#
∆ #..†>####..#..# . ..
#..@.#.#..)...## # .
...#.........<..#.#
####.
......$.........#.###
....
#....................#
..##
#....................#
...##.
.................#).##
......
..............####...#
#
................##...#
###.
....................#


There were no monsters in sight!

Vanquished Creatures
  Erolcha (D:9)
  3 two-headed ogres
  Pikel (D:5)
  Joseph (D:7)
  A hornet (D:10)
  12 yaks
  2 shadows
  A wyvern (D:8)
  A steam dragon (D:9)
  Menkaure (D:5)
  Edmund (D:5)
  An acid dragon (D:10)
  3 water moccasins
  5 orc warriors
  A necrophage (D:7)
  3 centaurs
  3 phantoms
  2 kobold brigands
  Blork the orc (D:4)
  A bullfrog (D:7)
  A scorpion (D:7)
  4 wights
  10 killer bees
  6 howler monkeys
  5 centaur zombies
  3 hounds
  3 orc priests
  2 jellies
  2 iguanas
  8 orc wizards
  A killer bee zombie (D:8)
  A hound skeleton (D:4)
  A howler monkey zombie (D:9)
  4 adders
  3 white imps
  2 worms
  35 orcs
  6 ball pythons
  5 bats
  6 endoplasms
  4 giant cockroaches
  10 goblins
  10 hobgoblins
  10 jackals
  10 kobolds
  4 quokkas
  3 frilled lizards
  4 rats
208 creatures vanquished.

Vanquished Creatures (others)
  8 plants (D:11)
8 creatures vanquished.

Grand Total: 216 creatures vanquished

Notes
Turn   | Place    | Note
-------+----------+-------------------------------------------
     0 | D:1      | DogServant the Gnoll Venom Mage began the quest for the
                  | Orb.
     0 | D:1      | Reached XP level 1. HP: 13/13 MP: 6/6
   247 | D:1      | Found a faded altar of an unknown god.
   521 | D:1      | Reached XP level 2. HP: 18/19 MP: 3/7
   847 | D:1      | Found Yniuxt's Magic Scroll Emporium.
  1286 | D:2      | Reached XP level 3. HP: 25/25 MP: 9/9
  1366 | D:2      | Reached skill level 5 in Spellcasting
  1681 | D:2      | Reached skill level 1 in Invocations
  2004 | D:2      | Reached skill level 1 in Fighting
  2004 | D:2      | Reached skill level 1 in Short Blades
  2004 | D:2      | Reached skill level 1 in Long Blades
  2004 | D:2      | Reached skill level 1 in Axes
  2004 | D:2      | Reached skill level 1 in Maces & Flails
  2004 | D:2      | Reached skill level 1 in Polearms
  2004 | D:2      | Reached skill level 1 in Staves
  2004 | D:2      | Reached skill level 1 in Slings
  2004 | D:2      | Reached skill level 1 in Bows
  2004 | D:2      | Reached skill level 1 in Crossbows
  2004 | D:2      | Reached skill level 1 in Throwing
  2004 | D:2      | Reached skill level 1 in Armour
  2004 | D:2      | Reached skill level 1 in Shields
  2004 | D:2      | Reached skill level 1 in Unarmed Combat
  2004 | D:2      | Reached skill level 1 in Evocations
  2295 | D:2      | Reached XP level 4. HP: 32/32 MP: 11/11
  2850 | D:3      | Noticed a kobold brigand
  3480 | D:3      | Learned a level 2 spell: Poisonous Vapours
  3484 | D:3      | Learned a level 3 spell: Ignite Poison
  3488 | D:3      | Learned a level 3 spell: Mephitic Cloud
  3493 | D:3      | Learned a level 4 spell: Olgreb's Toxic Radiance
  3504 | D:3      | Killed a kobold brigand
  3505 | D:3      | Reached skill level 1 in Conjurations
  3505 | D:3      | Reached skill level 1 in Hexes
  3505 | D:3      | Reached skill level 1 in Summonings
  3505 | D:3      | Reached skill level 1 in Necromancy
  3505 | D:3      | Reached skill level 1 in Translocations
  3505 | D:3      | Reached skill level 1 in Fire Magic
  3505 | D:3      | Reached skill level 1 in Ice Magic
  3505 | D:3      | Reached skill level 1 in Air Magic
  3505 | D:3      | Reached skill level 1 in Earth Magic
  3505 | D:3      | Reached XP level 5. HP: 16/37 MP: 4/12
  4086 | D:4      | Noticed Blork the orc
  4126 | D:4      | Killed Blork the orc
  4127 | D:4      | Reached XP level 6. HP: 44/44 MP: 2/14
  4298 | D:4      | Reached skill level 5 in Dodging
  4711 | D:4      | Found Ybegg's General Store.
  4721 | D:4      | Identified the +1 robe of Gluttony {*Slow rN+ Regen+ Dex+8}
  5392 | D:5      | Entered Level 5 of the Dungeon
  5398 | D:5      | Noticed Edmund
  5411 | D:5      | Reached XP level 7. HP: 42/50 MP: 10/15
  5543 | D:5      | Found a sacrificial altar of Ru.
  5543 | D:5      | Noticed Menkaure
  5551 | D:5      | Killed Menkaure
  5914 | D:5      | Became a worshipper of Ru the Awakened
  5919 | D:5      | Noticed Pikel
  5924 | D:5      | Killed Pikel
  5925 | D:5      | Reached skill level 5 in Stealth
  5925 | D:5      | Reached XP level 8. HP: 50/58 MP: 4/16
  6280 | D:5      | Found a shimmering blue altar of Sif Muna.
  6368 | D:6      | Found an iron altar of Okawaru.
  6385 | D:6      | Learned a level 3 spell: Dazzling Flash
  6521 | D:6      | Found a staircase to the Ecumenical Temple.
  7167 | D:7      | Gained mutation: You are frail. (-10% HP) [Ru sacrifice]
  7167 | D:7      | Reached * piety under Ru
  7167 | D:7      | Reached ** piety under Ru
  7525 | D:7      | Noticed Joseph
  7539 | D:7      | HP: 2/53 [Joseph/+0 quarterstaff (7)]
  7540 | D:7      | Killed Joseph
  7541 | D:7      | Reached XP level 9. HP: 2/58 MP: 1/18
  8777 | D:5      | Killed Edmund
  9224 | D:8      | Found a white marble altar of Elyvilon.
  9580 | D:8      | Reached skill level 5 in Invocations
  9913 | D:8      | Reached XP level 10. HP: 65/65 MP: 8/20
  9932 | D:8      | Reached skill level 5 in Fighting
  9932 | D:8      | Reached skill level 5 in Short Blades
  9932 | D:8      | Reached skill level 5 in Long Blades
  9932 | D:8      | Reached skill level 5 in Axes
  9932 | D:8      | Reached skill level 5 in Maces & Flails
  9932 | D:8      | Reached skill level 5 in Polearms
  9932 | D:8      | Reached skill level 5 in Staves
  9932 | D:8      | Reached skill level 5 in Slings
  9932 | D:8      | Reached skill level 5 in Bows
  9932 | D:8      | Reached skill level 5 in Crossbows
  9932 | D:8      | Reached skill level 5 in Throwing
  9932 | D:8      | Reached skill level 5 in Armour
  9932 | D:8      | Reached skill level 5 in Shields
  9932 | D:8      | Reached skill level 5 in Unarmed Combat
  9932 | D:8      | Reached skill level 5 in Evocations
 10298 | D:9      | Found a staircase to the Orcish Mines.
 10299 | D:9      | Noticed a two-headed ogre
 10304 | D:9      | Identified the +8 quarterstaff "Tattletale" {vamp, rC+
                  | Int+3}
 10306 | D:9      | Killed a two-headed ogre
 10408 | D:9      | Noticed a two-headed ogre
 10415 | D:9      | Killed a two-headed ogre
 10416 | D:9      | Reached skill level 5 in Transmutations
 10587 | D:9      | Noticed Erolcha
 11394 | D:9      | Paralysed by Erolcha for 5 turns
 11403 | D:9      | Killed Erolcha
 11598 | D:9      | Noticed a spectral centaur warrior
 11600 | D:9      | Noticed a skeletal warrior
 11601 | D:9      | Found a transporter.
 11620 | D:9      | Found a transporter.
 11621 | D:9      | Noticed waddelsworth's ghost (journeyman GnCj)
 11837 | D:10     | Entered Level 10 of the Dungeon
 11895 | D:10     | Reached XP level 11. HP: 67/72 MP: 22/22
 12132 | D:10     | Learned a level 4 spell: Iskenderun's Mystic Blast
 12156 | D:10     | Reached skill level 5 in Conjurations
 12156 | D:10     | Reached skill level 5 in Hexes
 12156 | D:10     | Reached skill level 5 in Summonings
 12156 | D:10     | Reached skill level 5 in Necromancy
 12156 | D:10     | Reached skill level 5 in Translocations
 12156 | D:10     | Reached skill level 5 in Fire Magic
 12156 | D:10     | Reached skill level 5 in Ice Magic
 12156 | D:10     | Reached skill level 5 in Air Magic
 12156 | D:10     | Reached skill level 5 in Earth Magic
 12583 | D:10     | Found a runed translucent door.
 12584 | D:10     | Noticed anet's ghost (journeyman GnWz)
 13037 | D:10     | Found a basalt altar of Yredelemnul.
 13037 | D:10     | Found a blossoming altar of Fedhas.
 13174 | D:11     | Identified the +1 ring mail of the Centipede {Harm Dex+4}
 13555 | D:11     | Noticed a two-headed ogre
 13572 | D:11     | Killed a two-headed ogre
 13714 | D:11     | Quit the game

Illustrated notes

Levels and vault maps discovered:
D:1:      dpeg_arrival_arbitrary_a, layout_loops_ring,
          shapermc_ecumenical_altar_mp_urbaneastern, serial_shops,
          nicolae_shop_behind_doors, serial_park_tiny_pond
D:2:      layout_basic
D:3:      layout_rooms
D:4:      layout_cave_pods, serial_shops, nicolae_shop_window_shopping,
          uniq_blork_the_orc
D:5:      layout_rooms, tgw_sif, nicolae_ru_great_annihilating_truth,
          serial_park_tiny_pond, uniq_menkaure, uniq_edmund, uniq_pikel
D:6:      layout_rooms, okawaru_metal_pillars_1_2,
          minmay_temple_entry_large_hall, hex_medium
D:7:      kennysheep_spiral_hall, layout_basic, nicolae_ossuary_entry_monument,
          kennysheep_generic_room_8, uniq_joseph
D:8:      layout_gridville, elyvilon_altar_1
D:9:      layout_basic, david_orc_3, gammafunk_ghost_mausoleum, uniq_erolcha
D:10:     layout_stronghold, gammafunk_temple_overflow_elements,
          ebering_ghost_inner_flame
D:11:     layout_cave_pools, dpeg_oklobed_lair, minmay_shop_mass, uniq_snorg

Skill      XL: |  1  2  3  4  5  6  7  8  9 10 11 |
---------------+----------------------------------+-----
Transmutations | 2 3 4 5 |  5.8
Spellcasting   | 5 6 7 8 |  8.2
Invocations    | 1 2 3 4 5 6 7 |  7.0
Fighting       | 1 2 3 4 5 6 |  6.4
Short Blades   | 1 2 3 4 5 6 |  6.4
Long Blades    | 1 2 3 4 5 6 |  6.4
Axes           | 1 2 3 4 5 6 |  6.4
Maces & Flails | 1 2 3 4 5 6 |  6.4
Polearms       | 1 2 3 4 5 6 |  6.4
Staves         | 1 2 3 4 5 6 |  6.4
Slings         | 1 2 3 4 5 6 |  6.4
Bows           | 1 2 3 4 5 6 |  6.4
Crossbows      | 1 2 3 4 5 6 |  6.4
Throwing       | 1 2 3 4 5 6 |  6.4
Armour         | 1 2 3 4 5 6 |  6.4
Shields        | 1 2 3 4 5 6 |  6.4
Unarmed Combat | 1 2 3 4 5 6 |  6.4
Evocations     | 1 2 3 4 5 6 |  6.4
Conjurations   | 1 2 3 4 5 |  5.3
Hexes          | 1 2 3 4 5 |  5.3
Summonings     | 1 2 3 4 5 |  5.3
Necromancy     | 1 2 3 4 5 |  5.3
Translocations | 1 2 3 4 5 |  5.3
Fire Magic     | 1 2 3 4 5 |  5.3
Ice Magic      | 1 2 3 4 5 |  5.3
Air Magic      | 1 2 3 4 5 |  5.3
Earth Magic    | 1 2 3 4 5 |  5.3
Dodging        | 5 6 7 8 |  8.0
Stealth        | 5 6 7 |  7.7
Poison Magic   | 6 7 |  7.7

Action                   |  1- 3 |  4- 6 |  7- 9 | 10-12 || total
-------------------------+-------+-------+-------+-------++-------
Melee: Long sword        |    58 |    79 |    60 |       ||   197
       Unarmed           |     1 |       |       |       ||     1
       Bite              |     1 |     4 |    12 |    21 ||    38
       Punch             |       |     1 |     1 |       ||     2
       Staff             |       |       |    83 |    59 ||   142
       Quarterstaff      |       |       |       |    33 ||    33
       Scimitar          |       |       |       |    45 ||    45
 Cast: Sting             |    49 |    55 |    24 |     5 ||   133
       Poisonous Vapours |       |     9 |    22 |       ||    31
       Ignite Poison     |       |     5 |    17 |    17 ||    39
       Mephitic Cloud    |       |     4 |    10 |     2 ||    16
       Olgreb's Toxic Ra |       |       |    13 |    21 ||    34
       Dazzling Flash    |       |       |     3 |     1 ||     4
Invok: Sacrifice Health  |       |       |     1 |       ||     1
       Reject Sacrifices |       |       |       |     1 ||     1
  Use: Scroll            |       |     1 |    13 |     2 ||    16
       Potion            |       |       |     1 |       ||     1
 Stab: Sleeping          |     4 |     2 |     1 |     3 ||    10
       Invisible         |       |       |     3 |       ||     3
       Confused          |       |       |     1 |       ||     1
Armor: Robe              |    11 |    16 |       |     9 ||    36
       Leather armour    |       |     5 |    40 |    25 ||    70
Dodge: Dodged            |    74 |    79 |   133 |   119 ||   405
Block: Buckler           |       |       |    22 |    25 ||    47
       Rpst.: Long sword |    24 |    20 |    22 |       ||    66
       Scimitar          |       |       |       |    10 ||    10

Table legend: (Time is in decaauts)
 A = Elapsed time spent in this place.
 B = Non-inter-level travel time spent in this place.
 C = Inter-level travel time spent in this place.
 D = Time resting spent in this place.
 E = Time spent auto-exploring this place.
 F = Levels seen in this place.
 G = Mean time per level.
                   A        B        C        D        E       F      G
               +--------+--------+--------+--------+--------+-----+--------+
         Total |  13787 |  12706 |   1081 |   1703 |   9346 |  11 | 1253.4 |
       Dungeon |  13787 |  12706 |   1081 |   1703 |   9346 |  11 | 1253.4 |
               +--------+--------+--------+--------+--------+-----+--------+

Top non-repeatable levels by time:
     D:7: 2122 daAuts
     D:2: 1602 daAuts
     D:4: 1479 daAuts
     D:9: 1366 daAuts
     D:8: 1358 daAuts
     D:1: 1328 daAuts
    D:10: 1313 daAuts
     D:5: 1225 daAuts
     D:3: 1187 daAuts
     D:6: 564 daAuts
    D:11: 238 daAuts
